 Dungeon Crawl Stone Soup version 0.32-a0-40-g2adb59ae06 (webtiles) character file.

Game seed: 11547893984636073708

18050 cforsyth the Warrior (level 12, -3/102 (105) HPs)
             Began as a Djinni Enchanter on Jan 24, 2024.
             Was a High Priest of Fedhas.
             Slain by a chaos spawn (11 damage)
             ... summoned by an orc sorcerer
             ... while paralysed by an orc sorcerer
             ... on level 2 of the Orcish Mines on Jan 25, 2024.
             The game lasted 00:53:28 (24450 turns).

cforsyth the Warrior (Djinni Enchanter)            Turns: 24450, Time: 00:53:28

HP:   -3/102 (105)  AC:  7    Str:  7    XL:     12   Next: 90%
Gold: 745           EV:  2    Int: 28    God:    Fedhas [*****.] SH:  0 Dex: 14

rFire   + + +        g - +4 dagger
rCold   . . .        (no shield)
rNeg    . . .        K - +2 robe {rC+ rF+}
rPois   ∞            G - +0 helmet {SInv}
rElec   .            (no cloak)
rCorr   .            e - +1 pair of gloves
SInv    +            (boots unavailable)
Will    +....        i - amulet of regeneration
Stlth   ++           p - +6 ring of intelligence
HPRegen 1.17/turn    z - +5 ring of evasion
MPRegen 0.00/turn

%: infuse magic (-4 HP)
@: paralysed, confusing by touch, spiked, flying, slowed, studying Armour,
lightly drained
A: sickness immunity, fire resistance 2, cold vulnerability 1, float, innate
caster, HP casting, extra vitality 1
a: Renounce Religion, Wall of Briars, Grow Ballistomycete, Overgrow, Grow Oklob


You were on level 2 of the Orcish Mines.
You worshipped Fedhas.
Fedhas was extremely pleased with you.
You visited 3 branches of the dungeon, and saw 15 of its levels.
You also visited: Ossuary and Bailey.

You collected 1310 gold pieces.
You spent 565 gold pieces at shops.

Inventory:

Hand Weapons
 a - a +1 dagger
 g - a +4 dagger (weapon)
Missiles
 F - 2 throwing nets
Armour
 e - a +1 pair of gloves (worn)
 m - the +1 helmet of Shrieking Life {Str+6 Int-4}
   (You found it on level 2 of the Dungeon)

   Str+6:     It affects your strength (+6).
   Int-4:     It affects your intelligence (-4).
 u - a +3 leather armour of fire resistance
 G - a +0 helmet of see invisible (worn)
 K - a +2 robe of resistance (worn)
Jewellery
 h - an amulet of reflection
 i - an amulet of regeneration (around neck)
 p - a +6 ring of intelligence (left hand)
 z - a +5 ring of evasion (right hand)
Wands
 b - a wand of iceblast (1)
 t - a wand of paralysis (15)
 y - a wand of polymorph (7)
 D - a wand of mindburst (7)
 M - a wand of digging (4)
 N - a wand of flame (15)
Scrolls
 f - 2 scrolls of enchant armour
 l - 3 scrolls of teleportation
 n - a scroll of blinking
 w - 2 scrolls of fog
 A - a scroll of immolation
 J - a scroll of vulnerability {unknown}
 L - a scroll of noise {unknown}
Potions
 c - 4 potions of invisibility
 d - a potion of magic {unknown}
 j - 6 potions of cancellation
 o - 6 potions of might
 q - a potion of lignification {unknown}
 r - 2 potions of resistance
 s - 8 potions of curing
 v - 2 potions of berserk rage {unknown}
 x - 7 potions of heal wounds
 B - 2 potions of attraction
 C - 5 potions of haste
 E - 4 potions of mutation {unknown}
 H - a potion of enlightenment {unknown}
 I - a potion of brilliance {unknown}


   Skills:
 + Level 16.4 Fighting
 - Level 0.8 Short Blades
 - Level 5.0 Armour
 - Level 2.1 Dodging
 - Level 2.4 Stealth
 + Level 9.9 Spellcasting
 + Level 9.9 Conjurations
 + Level 9.9 Hexes
 + Level 9.9 Summonings
 + Level 9.9 Necromancy
 + Level 9.9 Translocations
 + Level 9.9 Fire Magic
 + Level 9.9 Ice Magic
 + Level 9.9 Air Magic
 + Level 9.9 Earth Magic
 + Level 9.9 Alchemy


You knew the following spells:

 Your Spells              Type           Power      Damage    Failure   Level
a - Ensorcelled Hibernat  Hex/Ice        100%       N/A       1%          2
b - Confusing Touch       Hex            62%        N/A       1%          3
c - Tukima's Dance        Hex            62%        N/A       1%          3
d - Dazzling Flash        Conj/Hex       100%       N/A       1%          3
e - Summon Small Mammal   Summ           100%       N/A       1%          1
f - Lesser Beckoning      Tloc           100%       N/A       1%          2
g - Blink                 Tloc           100%       N/A       1%          2
h - Ozocubu's Armour      Ice            62%        N/A       1%          3
i - Metabolic Englaciati  Hex/Ice        31%        N/A       1%          5
Your spell library was empty.

Dungeon Overview and Level Annotations

Branches:
Dungeon (12/15)            Temple (1/1) D:5             Orc (2/2) D:12
    Elf (0/3) Orc:2       Ossuary (visited)          Bailey (visited)
   Lair: D:8-11

Altars:
Ashenzari
Cheibriados
Dithmenos
Elyvilon
Fedhas
Gozag
Hepliaklqana
Makhleb
Nemelex Xobeh
Okawaru
Qazlal
Ru
Trog
Uskayaw
Wu Jian
Xom
Yredelemnul
Zin
The Shining One

Shops:
D:12 [   Orc:1 :   Orc:2 :

Annotations:
D:5 1 runed translucent door, knightboat's ghost, novice TrWr
D:6 3 runed translucent doors, hgbash's ghost, novice TrFi
D:7 3 runed translucent doors, dragonking145's ghost, novice FoFi
D:8 2 transporters
D:11 Fannar


Innate Abilities, Weirdness & Mutations

You are immune to sickness and miasma.
You are immune to poison.
Your flesh is very heat resistant. (rF++)
You are vulnerable to cold. (rC-)
You float through the air rather than walking.
You learn spells naturally, not from books.
Your magical power is your life essence.
You have superior vitality. (+4 MHP)


Message History

The orc closely misses you.
You hit the orc sorcerer but do no damage.
The orc sorcerer closely misses you. The orc hits you but does no damage.
You barely miss the orc sorcerer.
An orc wizard comes into view. It is wielding a +0 dagger.
The orc sorcerer mumbles some strange words.
You closely miss the orc sorcerer. The chaos spawn closely misses you.
The orc sorcerer hits you but does no damage.
You hit the orc sorcerer but do no damage.
You punch the orc sorcerer, but do no damage.
The chaos spawn misses you. The chaos spawn stings you!
You feel yourself slow down.
The orc sorcerer points at you and mumbles some strange words.
You suddenly lose the ability to move!
The red devil hits you from afar with a +0 trident!
Barbed spikes become lodged in your body.
The chaos spawn kicks you but does no damage.
The chaos spawn tentacle-slaps you.
You are engulfed in flames.
You resist.
The orc sorcerer hits you with a +0 dagger of venom.
The red devil hits you from afar with a +0 trident.
Barbed spikes become lodged in your body.
The chaos spawn pecks you but does no damage.
The chaos spawn trunk-slaps you.
You are engulfed in flames.
You resist.
The orc sorcerer hits you with a +0 dagger of venom.
The red devil hits you from afar with a +0 trident.
Barbed spikes become lodged in your body.
The chaos spawn trunk-slaps you but does no damage.
The chaos spawn releases spores at you but does no damage.
The orc sorcerer gestures at you while chanting.
The bolt of negative energy hits you!!
You feel drained.
* * * LOW HITPOINT WARNING * * *
The red devil hits you from afar with a +0 trident.
* * * LOW HITPOINT WARNING * * *
Barbed spikes become lodged in your body.
The chaos spawn releases spores at you but does no damage.
The chaos spawn trunk-slaps you!
* * * LOW HITPOINT WARNING * * *
The chaos spawn freezes you!
You die...
Fedhas appreciates your contribution to the ecosystem.

#≈≈≈# #...# ≈≈.. ##§§#
####.#. #§..# #≈≈#
###.....# #≈...
##≈≈###........ #≈...
#≈§≈##......... #≈...
###≈##§.##..##...
#≈...####§§§##§.##..##...
#§....≈§≈≈§§§≈...........
#§§..)o4@.§§§..........).
#≈..8.oo4................
#§.§...4......§..........
#≈.§..§≈§≈≈§§≈...........
#§...####≈≈≈##≈.##..##...
#≈... ###≈##≈.##..##...
#§..o #≈≈≈##.........
#≈... ##§≈###........
#≈.. #≈§# ###......


You could see an orc sorcerer, a red devil (summoned), 2 chaos spawn, an orc
wizard and an orc.

Vanquished Creatures
  Harold (D:9)
  An ogre mage (Orc:1)
  Urug (Orc:1)
  An arcanist (D:8)
  An orc knight (Bailey)
  A deep elf pyromancer (D:12)
  3 orc sorcerers
  An ugly thing (D:12)
  A cyclops (D:12)
  A manticore (D:12)
  4 kobold blastminers
  A hornet (D:10)
  2 trolls
  A slime creature (D:12)
  2 shadows
  A basilisk (D:12)
  3 wraiths (D:12)
  18 yaks
  2 wyverns
  4 steam dragons
  2 wargs
  Edmund (D:5)
  2 acid dragons
  A swamp drake (D:12)
  3 water moccasins
  11 orc warriors
  An ice beast (D:7)
  A black bear (D:4)
  4 ogres
  5 centaurs
  A phantom (D:5)
  5 bullfrogs
  2 scorpions
  A wight (Ossuary)
  6 killer bees
  2 howler monkeys
  A bombardier beetle (D:5)
  12 orc priests
  5 hounds
  3 spectral scorpions (Ossuary)
  2 centaur skeletons (Ossuary)
  4 sleepcaps
  Ijyb (D:3)
  5 iguanas
  29 orc wizards
  A crocodile zombie (Ossuary)
  An ogre skeleton (Ossuary)
  8 mummies
  Robin (D:2)
  6 gnolls (Bailey)
  10 adders
  2 shadow imps
  2 white imps
  7 dart slugs
  2 ribbon worms (D:3)
  78 orcs
  10 endoplasms
  5 giant cockroaches
  14 goblins
  10 hobgoblins
  3 jackals (D:1)
  11 kobolds
  A quokka (D:1)
  5 ball pythons
  4 bats
  3 frilled lizards
  5 orc skeletons (Ossuary)
  8 rats
  10 spectral rats (Ossuary)
367 creatures vanquished.

Vanquished Creatures (collateral kills)
  A killer bee (D:9)
  2 orcs (Bailey)
3 creatures vanquished.

Vanquished Creatures (others)
  A shadow imp (D:8)
  3 orcs
4 creatures vanquished.

Grand Total: 374 creatures vanquished

Notes
Turn   | Place    | Note
-------+----------+-------------------------------------------
     0 | D:1      | cforsyth the Djinni Enchanter began the quest for the Orb.
     0 | D:1      | cforsyth set off with the following spells memorised:
                  | Ensorcelled Hibernation, Confusing Touch, Tukima's Dance,
                  | Dazzling Flash.
     0 | D:1      | Reached XP level 1. HP: 15/15 MP: 0/0
   122 | D:1      | Reached XP level 2. HP: 20/22 MP: 0/0
   134 | D:1      | Reached skill level 1 in Fighting
   326 | D:1      | Reached XP level 3. HP: 26/27 MP: 0/0
   326 | D:1      | Learned a level 1 spell: Summon Small Mammal
   581 | D:1      | You are sucked into a shaft and drop 1 floor!
   782 | D:1      | Reached skill level 2 in Fighting
  1202 | D:2      | Reached XP level 4. HP: 32/33 MP: 0/0
  1278 | D:2      | Noticed Robin
  1288 | D:2      | Reached skill level 11 in Fighting
  1288 | D:2      | Reached XP level 5. HP: 15/55 MP: 0/0
  1288 | D:2      | Learned a level 2 spell: Lesser Beckoning
  1516 | D:2      | Found a snail-covered altar of Cheibriados.
  1530 | D:2      | Identified the +1 helmet of Shrieking Life {Str+6 Int-4}
  1665 | D:2      | Killed Robin
  2156 | D:3      | Found a white marble altar of Elyvilon.
  2164 | D:3      | Found an opulent altar of Gozag.
  2365 | D:3      | Reached XP level 6. HP: 59/60 MP: 0/0
  2651 | D:3      | Noticed Ijyb
  2670 | D:3      | Killed Ijyb
  2719 | D:3      | Found a faded altar of an unknown god.
  2734 | D:3      | Found a hazy altar of Hepliaklqana.
  3206 | D:4      | Noticed a black bear
  3222 | D:4      | Killed a black bear
  3223 | D:4      | Reached XP level 7. HP: 54/66 MP: 0/0
  3223 | D:4      | Learned a level 2 spell: Blink
  3802 | D:4      | Reached skill level 12 in Fighting
  4476 | D:5      | Entered Level 5 of the Dungeon
  4615 | D:5      | Noticed a yak
  4616 | D:5      | Noticed a yak
  4640 | D:5      | Noticed a yak
  4641 | D:5      | Noticed a yak
  4643 | D:5      | Noticed a yak
  4863 | D:4      | Killed a yak
  4864 | D:4      | Reached XP level 8. HP: 58/72 MP: 0/0
  4947 | D:5      | Found a runed translucent door.
  4950 | D:5      | Noticed knightboat's ghost (novice TrWr)
  5122 | D:5      | Found a staircase to the Ecumenical Temple.
  5221 | D:5      | Killed a yak
  5234 | D:5      | Killed a yak
  5235 | D:5      | Reached skill level 5 in Spellcasting
  5235 | D:5      | Reached skill level 5 in Conjurations
  5235 | D:5      | Reached skill level 5 in Hexes
  5235 | D:5      | Reached skill level 5 in Summonings
  5235 | D:5      | Reached skill level 5 in Necromancy
  5235 | D:5      | Reached skill level 5 in Translocations
  5235 | D:5      | Reached skill level 5 in Fire Magic
  5235 | D:5      | Reached skill level 5 in Ice Magic
  5235 | D:5      | Reached skill level 5 in Air Magic
  5235 | D:5      | Reached skill level 5 in Earth Magic
  5235 | D:5      | Reached skill level 5 in Alchemy
  5254 | D:5      | Killed a yak
  5451 | D:5      | Reached XP level 9. HP: 64/79 MP: 0/0
  5451 | D:5      | Learned a level 3 spell: Ozocubu's Armour
  5607 | D:5      | Noticed Edmund
  6451 | D:5      | HP: 3/79 [Edmund/+2 antimagic flail (7)]
  6862 | D:5      | Found a staircase to the Ecumenical Temple.
  7226 | D:5      | Killed Edmund
  7230 | Temple   | Entered the Ecumenical Temple
  7273 | Temple   | Became a worshipper of Fedhas Madash
  7800 | D:6      | Found a sand-covered staircase.
  7806 | Ossuary  | Entered an ossuary
  7958 | Ossuary  | Reached skill level 13 in Fighting
  8038 | Ossuary  | Found a basalt altar of Yredelemnul.
  8100 | Ossuary  | Reached * piety under Fedhas
  8491 | D:6      | Found a runed translucent gate.
  8491 | D:6      | Found a runed translucent gate.
  8491 | D:6      | Found a runed translucent gate.
  8492 | D:6      | Noticed hgbash's ghost (novice TrFi)
  9118 | D:6      | Reached XP level 10. HP: 68/86 MP: 0/0
  9377 | D:7      | Reached ** piety under Fedhas
  9942 | D:7      | Found a runed translucent gate.
  9942 | D:7      | Found a runed translucent gate.
  9943 | D:7      | Found a runed translucent gate.
  9945 | D:7      | Noticed dragonking145's ghost (novice FoFi)
 10110 | D:8      | Noticed an arcanist
 10400 | D:8      | Found a flagged portal.
 10416 | Bailey   | Entered a bailey
 10472 | Bailey   | Reached skill level 14 in Fighting
 10665 | Bailey   | Reached *** piety under Fedhas
 10689 | Bailey   | Noticed an orc knight
 11341 | Bailey   | Killed an orc knight
 11631 | D:8      | Killed an arcanist
 11632 | D:8      | Reached XP level 11. HP: 94/94 MP: 0/0
 11632 | D:8      | Learned a level 5 spell: Metabolic Englaciation
 11895 | D:8      | Found a transporter.
 11896 | D:8      | Found a transporter.
 11896 | D:8      | Noticed a boulder beetle
 12747 | D:9      | Reached skill level 1 in Armour
 13382 | D:8      | Found a transporter.
 13387 | D:8      | Found a transporter.
 13912 | D:8      | Found a transporter.
 13917 | D:8      | Found a transporter.
 15181 | D:9      | Reached **** piety under Fedhas
 15233 | D:9      | Noticed Harold
 15256 | D:9      | Killed Harold
 15532 | D:10     | Entered Level 10 of the Dungeon
 16023 | D:10     | Reached skill level 5 in Armour
 16070 | D:10     | Identified the +1 hand axe "Jesoshej" {venom, rPois Will+
                  | Int+3}
 16645 | D:11     | Noticed a red ugly thing
 16700 | D:11     | Noticed Fannar
 16954 | D:11     | Noticed a boulder beetle
 17529 | D:11     | Noticed a catoblepas
 17530 | D:11     | Found a sacrificial altar of Ru.
 17541 | D:11     | Noticed a cyclops
 17654 | D:12     | Noticed a manticore
 17707 | D:12     | Killed a manticore
 17708 | D:12     | Reached skill level 15 in Fighting
 17928 | D:12     | Found a shadowy altar of Dithmenos.
 18269 | D:12     | Noticed a brown ugly thing
 18331 | D:12     | Killed a brown ugly thing
 18455 | D:12     | Noticed a cyclops
 18545 | D:12     | Killed a cyclops
 18546 | D:12     | Reached XP level 12. HP: 103/103 MP: 0/0
 19088 | D:12     | Found Celas's Armour Boutique.
 19181 | D:12     | Bought a +2 robe of resistance for 565 gold pieces
 19855 | D:12     | Found a staircase to the Orcish Mines.
 19971 | D:12     | Reached ***** piety under Fedhas
 20540 | Orc:1    | Entered Level 1 of the Orcish Mines
 20540 | Orc:1    | Found Alaicil's Book Shop.
 21243 | Orc:1    | You are sucked into a shaft and drop 1 floor!
 21243 | Orc:2    | Entered Level 2 of the Orcish Mines
 21628 | Orc:2    | Found a staircase to the Elven Halls.
 21810 | Orc:2    | Found Hiklybe's Self-Improvement Boutique.
 22611 | Orc:1    | Noticed Urug
 22761 | Orc:1    | Killed Urug
 22820 | Orc:2    | Reached skill level 16 in Fighting
 23896 | Orc:2    | Noticed an ogre mage
 23905 | Orc:2    | Paralysed by an orc sorcerer for 4 turns
 23920 | Orc:2    | Paralysed by an orc sorcerer for 5 turns
 23988 | Orc:1    | Killed an ogre mage
 24446 | Orc:2    | Paralysed by an orc sorcerer for 5 turns
 24450 | Orc:2    | Slain by a chaos spawn

Illustrated notes

Levels and vault maps discovered:
D:1:      co_arrival_square_in_a_square_in_a_square, layout_basic,
          minmay_pentomino_p4
D:2:      layout_rooms, basic_altar, uniq_robin
D:3:      layout_loops_ring, grunt_temple_overflow_diamond,
          mainiacjoe_overflow_catwalk_spiral,
          shapermc_ecumenical_altar_rom_forum, hellmonk_no_cap, uniq_ijyb
D:4:      minmay_razor_zed, layout_loops_corners, nicolae_houndstooth_variations
D:5:      layout_layer_cave, minmay_temple_entry_metal_lava,
          ebering_ghost_sewer_d, uniq_edmund
D:6:      layout_cave_pools, gup_ossuary_entry_pyramid,
          ebering_ghost_rock_garden
D:7:      layout_gridville, ebering_ghost_rock_garden
D:8:      gammafunk_boulding_lane, layout_gridville, enter_bailey_4,
          minmay_manual_mail
D:9:      layout_stronghold, dreamdust_wishing_well, uniq_harold
D:10:     layout_loops_cross, minmay_diced_spiral
D:11:     layout_rooms, dpeg_oklobed_lair, fountainhead,
          nicolae_ru_path_of_blood, uniq_fannar
D:12:     layout_stronghold, erik_orc_1, serial_shops, nicolae_shop_stone,
          nicolae_dithmenos_shadow_blocks
Temple:   minmay_temple_bridge_d
Orc:1:    layout_caves, serial_shops, shop, basic_altar, mines1_david, uniq_urug
Orc:2:    kennysheep_orc_mage_school, layout_diamond_mine,
          nicolae_shop_self_help

Skill      XL: |  1  2  3  4  5  6  7  8  9 10 11 12 |
---------------+-------------------------------------+-----
Spellcasting   | 3 4 5 6 7 8 9 |  9.9
Conjurations   | 3 4 5 6 7 8 9 |  9.9
Hexes          | 3 4 5 6 7 8 9 |  9.9
Summonings     | 3 4 5 6 7 8 9 |  9.9
Necromancy     | 3 4 5 6 7 8 9 |  9.9
Translocations | 3 4 5 6 7 8 9 |  9.9
Fire Magic     | 3 4 5 6 7 8 9 |  9.9
Ice Magic      | 3 4 5 6 7 8 9 |  9.9
Air Magic      | 3 4 5 6 7 8 9 |  9.9
Earth Magic    | 3 4 5 6 7 8 9 |  9.9
Alchemy        | 3 4 5 6 7 8 9 |  9.9
Fighting       | 1 2 11 12 13 14 15 16 | 16.4
Armour         | 5 |  5.0
Short Blades   | |  0.8
Dodging        | |  2.1
Stealth        | |  2.4

Action                     |  1- 3 |  4- 6 |  7- 9 | 10-12 || total
---------------------------+-------+-------+-------+-------++-------
  Melee: Dagger            |   102 |   176 |   724 |  1713 ||  2715
         Punch             |     1 |     1 |     9 |    33 ||    44
   Cast: Ensorcelled Hiber |     2 |     2 |    11 |    16 ||    31
         Confusing Touch   |       |     7 |    16 |   170 ||   193
         Ozocubu's Armour  |       |       |     8 |     1 ||     9
         Summon Small Mamm |       |       |     4 |     4 ||     8
         Blink             |       |       |     1 |       ||     1
         Metabolic Englaci |       |       |       |     8 ||     8
         Tukima's Dance    |       |       |       |     2 ||     2
         Lesser Beckoning  |       |       |       |    21 ||    21
  Evoke: Wand              |       |       |     1 |    24 ||    25
    Use: Potion            |       |     2 |       |     2 ||     4
         Scroll            |       |       |    12 |     7 ||    19
   Stab: Sleeping          |     6 |     4 |    12 |    11 ||    33
         Invisible         |       |     3 |       |       ||     3
         Confused          |       |     8 |    14 |   127 ||   149
 Armour: Robe              |    39 |    62 |       |   327 ||   428
         Leather armour    |       |    26 |   354 |   567 ||   947
  Dodge: Dodged            |    62 |   120 |   392 |  1246 ||  1820
  Block: Other             |    10 |    30 |    77 |       ||   117
         Reflection        |     2 |       |     1 |       ||     3

Table legend: (Time is in decaauts)
 A = Elapsed time spent in this place.
 B = Non-inter-level travel time spent in this place.
 C = Inter-level travel time spent in this place.
 D = Time resting spent in this place.
 E = Time spent auto-exploring this place.
 F = Levels seen in this place.
 G = Mean time per level.
                   A        B        C        D        E       F      G
               +--------+--------+--------+--------+--------+-----+--------+
         Total |  24405 |  23342 |   1063 |   5514 |  11082 |  17 | 1435.6 |
       Dungeon |  19337 |  18323 |   1014 |   3589 |   9871 |  12 | 1611.4 |
        Temple |     65 |     22 |     43 |      0 |     21 |   1 |   65.0 |
  Orcish Mines |   3370 |   3365 |      5 |   1370 |    891 |   2 | 1685.0 |
       Ossuary |    603 |    603 |      0 |     93 |    208 |   1 |  603.0 |
        Bailey |   1028 |   1028 |      0 |    462 |     91 |   1 | 1028.0 |
               +--------+--------+--------+--------+--------+-----+--------+

Top non-repeatable levels by time:
    D:12: 3523 daAuts
     D:5: 3185 daAuts
     D:8: 2658 daAuts
   Orc:2: 1817 daAuts
    D:10: 1810 daAuts
     D:4: 1772 daAuts
   Orc:1: 1552 daAuts
     D:9: 1396 daAuts
     D:3: 1343 daAuts
     D:1: 1214 daAuts
  Bailey: 1028 daAuts
     D:6: 744 daAuts
     D:7: 739 daAuts
     D:2: 728 daAuts
 Ossuary: 603 daAuts
